 Dungeon Crawl Stone Soup version 0.28.0-1-gb440e238dd (webtiles) character file.

Game seed: 14020626169209890442

476 RascalDebosk the Conjurer (level 6, -3/48 HPs)
             Began as a Draconian Conjurer on Feb 20, 2022.
             Slain by a gnoll (4 damage)
             ... on level 4 of the Dungeon.
             The game lasted 00:40:15 (4463 turns).

RascalDebosk the Conjurer (Draconian Conjurer)      Turns: 4463, Time: 00:40:16

Health: -3/48      AC:  8    Str:  9    XL:     6   Next: 85%
Magic:  11/20      EV: 12    Int: 21    God:
Gold:   101        SH:  0    Dex:  9    Spells: 2/12 levels left

rFire   . . .      SeeInvis .   o - +8 whip
rCold   . . .      Faith    .   (no shield)
rNeg    . . .      Spirit   .   (armour unavailable)
rPois   .          Reflect  .   r - +2 hat
rElec   .          Harm     .   (no cloak)
rCorr   .          Rampage  .   (no gloves)
Will    .....                   (no boots)
Stlth   ++........              (no amulet)
HPRegen 0.16/turn               c - ring of magical power
MPRegen 0.17/turn               (no ring)

@: no status effects
A: AC +6, unfitting armour, cold-blooded
a: no special abilities


You were on level 4 of the Dungeon.
You visited 1 branch of the dungeon, and saw 4 of its levels.

You collected 101 gold pieces.

Inventory:

Hand Weapons
 d - a +0 spear
 e - a +0 dagger
 o - a +8 whip (weapon)
 p - a +2 vorpal flail
 q - a +0 vampiric dagger
Armour
 r - a +2 hat (worn)
 t - a scarf of shadows
Jewellery
 c - a ring of magical power (left hand)
Scrolls
 a - a scroll of magic mapping {unknown}
 f - a scroll of teleportation
 g - a scroll of noise {unknown}
 h - 2 scrolls of identify {unknown}
 i - a scroll of summoning {unknown}
 j - a scroll of amnesia {unknown}
 m - 2 scrolls of enchant weapon {unknown}
Potions
 b - a potion of cancellation {unknown}
 k - a potion of heal wounds {unknown}
 l - 2 potions of ambrosia {unknown}
 n - a potion of attraction {unknown}
 s - a potion of curing {unknown}


   Skills:
 + Level 2.2 Fighting
 + Level 2.6 Dodging
 + Level 2.9 Stealth
 * Level 3.8 Spellcasting
 * Level 5.2 Conjurations
 * Level 2.7 Hexes


You had 2 spell levels left.
You knew the following spells:

 Your Spells              Type           Power      Damage    Failure   Level
a - Magic Dart            Conj           100%       1d8       1%          1
b - Searing Ray           Conj           50%        2d6       2%          2
c - Dazzling Flash        Conj/Hex       40%        N/A       8%          3
d - Fulminant Prism       Conj/Hex       10%        3d9       24%         4

Your spell library contained the following spells:

 Spells                   Type           Power      Damage    Failure   Level
 Animate Skeleton         Necr           6%         N/A       12%         1
 Apportation              Tloc           6%         N/A       12%         1
 Summon Small Mammal      Summ           12%        N/A       12%         1
 Iskenderun's Mystic Bla  Conj/Tloc      14%        2d5       38%         4


Dungeon Overview and Level Annotations

Branches:
Dungeon (4/15)
 Temple: D:4-7

Altars:
Gozag
Kikubaaqudgha
Sif Muna
Zin
Beogh


Innate Abilities, Weirdness & Mutations

Your plain brown scales are hard. (AC +6)
You cannot fit into any form of body armour.
You are cold-blooded and may be slowed by cold attacks.


Message History

Aim: a gnoll, wielding a +0 club (fast, 82% to hit)
The searing ray hits the gnoll shaman.
The gnoll shaman is moderately wounded.
The searing ray hits the gnoll!
The gnoll is heavily wounded. (Press . to maintain the ray.)
The gnoll shaman calls upon its god to heal the gnoll.
The gnoll is healed somewhat.
The searing ray hits the gnoll shaman.
The gnoll shaman is severely wounded.
The searing ray hits the gnoll.
The gnoll is heavily wounded.
The gnoll shaman closely misses you.
You hit the gnoll.
The gnoll is almost dead.
The gnoll closely misses you.
The gnoll shaman calls upon its god to heal the gnoll.
The gnoll is healed somewhat.
The gnoll closely misses you.
You barely miss the gnoll.
The gnoll is heavily wounded.
The gnoll hits you but does no damage.
The gnoll shaman hits you with a +0 whip.
You hit the gnoll.
The gnoll is severely wounded.
The gnoll hits you but does no damage.
The gnoll shaman calls upon its god to heal the gnoll.
The gnoll is healed somewhat.
The gnoll hits you with a +0 club.
* * * LOW HITPOINT WARNING * * *
You hit the gnoll.
The gnoll is moderately wounded.
The gnoll misses you.
The gnoll shaman hits you but does no damage.
The gnoll hits you with a +0 club.
* * * LOW HITPOINT WARNING * * *
You barely miss the gnoll.
The gnoll is moderately wounded.
The gnoll shaman hits you with a +0 whip!
* * * LOW HITPOINT WARNING * * *
The gnoll hits you with a +0 club.
You die...

#........
#..†.....
##+#.......
..........
.......#
.....#
#...#
#)@g##
#..gW#
####)# #.#
W.# #..#
#..! #...
....


You could see a phantom, a gnoll shaman and a gnoll (fast).

Vanquished Creatures
  Sigmund (D:3)
  The ghost of issech the Cudgeller, an amateur TrMo (D:2)
  A centaur skeleton (D:3)
  Terence (D:2)
  2 orc wizards (D:3)
  3 gnolls (D:4)
  2 worms
  A dart slug (D:2)
  11 orcs
  4 endoplasms
  3 giant cockroaches
  3 goblins
  7 hobgoblins
  5 jackals
  6 kobolds
  2 quokkas
  4 ball pythons
  3 bats
  4 frilled lizards
  8 rats
  A spectral hobgoblin (D:3)
73 creatures vanquished.

Notes
Turn   | Place    | Note
-------+----------+-------------------------------------------
     0 | D:1      | RascalDebosk the Draconian Conjurer began the quest for the
                  | Orb.
     0 | D:1      | Reached XP level 1. HP: 14/14 MP: 3/3
   591 | D:1      | Reached XP level 2. HP: 20/20 MP: 5/5
   763 | D:1      | Learned a level 2 spell: Searing Ray
  1536 | D:2      | Found an opulent altar of Gozag.
  1581 | D:2      | Reached XP level 3. HP: 27/27 MP: 1/6
  1868 | D:2      | Reached skill level 1 in Hexes
  1963 | D:2      | Noticed Terence
  1980 | D:2      | Killed Terence
  1981 | D:2      | Reached skill level 1 in Fighting
  2226 | D:2      | Reached XP level 4. HP: 35/35 MP: 8/8
  2230 | D:2      | Learned a level 3 spell: Dazzling Flash
  2783 | D:3      | Found a runed translucent gate.
  2783 | D:3      | Found a runed translucent gate.
  2784 | D:3      | Found a runed translucent gate.
  2786 | D:3      | Noticed issech's ghost (amateur TrMo)
  2790 | D:3      | Identified the +5 scale mail of the Cockatrice {*Slow rC-
                  | Regen+ SInv}
  2898 | D:3      | Noticed Sigmund
  2914 | D:3      | Killed Sigmund
  2915 | D:3      | Reached XP level 5. HP: 9/41 MP: 8/9
  3160 | D:3      | Found a shimmering blue altar of Sif Muna.
  3228 | D:3      | Reached XP level 6. HP: 48/48 MP: 11/11
  3233 | D:3      | Learned a level 4 spell: Fulminant Prism
  3428 | D:3      | Found a glowing silver altar of Zin.
  3433 | D:3      | Found an ancient bone altar of Kikubaaqudgha.
  3487 | D:3      | Found a faded altar of an unknown god.
  4211 | D:2      | Killed issech's ghost
  4212 | D:2      | Reached skill level 5 in Conjurations
  4463 | D:4      | HP: 1/48 [gnoll shaman (7)]
  4463 | D:4      | Slain by a gnoll

Illustrated notes

Levels and vault maps discovered:
D:1:      amcnicky_arrival_abandoned_market, layout_loops_ring
D:2:      layout_loops_corners, serial_forest, infiniplex_forest_end_3,
          infiniplex_forest_clump_diagonal, infiniplex_forest_clump_small,
          infiniplex_forest_straight_2, basic_altar, minmay_misc_feat_encased,
          uniq_terence
D:3:      layout_loops_ring, mainiacjoe_overflow_big_doors, led_sif_book,
          biasface_ghost_orc_armoury, dreamdust_ecumenical_altar_drowned_temple,
          uniq_sigmund
D:4:      layout_basic, mainiacjoe_overflow_chevrons

Skill      XL: |  1  2  3  4  5  6 |
---------------+-------------------+-----
Stealth        | 2 |  2.9
Dodging        | 2 |  2.6
Hexes          | 1 2 |  2.7
Fighting       | 1 2 |  2.2
Spellcasting   | 3 |  3.8
Conjurations   | 5 |  5.2

Action                   |  1- 3 |  4- 6 || total
-------------------------+-------+-------++-------
Melee: Spear             |     2 |       ||     2
       Whip              |       |    34 ||    34
       Tailslap          |       |     2 ||     2
 Cast: Magic Dart        |    88 |    60 ||   148
       Searing Ray       |     4 |    15 ||    19
  Use: Scroll            |       |     1 ||     1
 Stab: Sleeping          |     1 |       ||     1
Armor: Skin              |    18 |    25 ||    43
Dodge: Dodged            |    38 |    44 ||    82
